 Dungeon Crawl Stone Soup version 0.31-a0-256-g80acddb972 (webtiles) character file.

Game seed: 10837522401279330068

215 qw the Shooter (level 5, -3/32 HPs)
             Began as a Gargoyle Hexslinger on July 12, 2023.
             Slain by a gnoll
             ... wielding a +0 spear
              (5 damage)
             ... on level 3 of the Dungeon.
             The game lasted 00:01:03 (2194 turns).

qw the Shooter (Gargoyle Hexslinger)                Turns: 2194, Time: 00:01:04

Health: -3/32      AC: 14    Str: 12    XL:     5   Next: 92%
Magic:  6/6        EV: 10    Int: 13    God:
Gold:   136        SH:  0    Dex: 14    Spells: 5/6 levels left

rFire   . . .        Y - +2 sling
rCold   . . .        (no shield)
rNeg    + . .        h - +0 ring mail
rPois   inf          (no helmet)
rElec   +            (no cloak)
rCorr   .            j - +0 pair of gloves
SInv    .            (no boots)
Will    .....        (no amulet)
Stlth   +            d - +4 ring of protection
HPRegen 0.25/turn    (no ring)
MPRegen 0.10/turn

%: no passive effects
@: no status effects
A: sickness immunity, AC +4, negative energy resistance 1, electricity
resistance, torment resistance 1, petrification resistance
a: no special abilities


You were on level 3 of the Dungeon.
You visited 1 branch of the dungeon, and saw 3 of its levels.

You collected 136 gold pieces.


Innate Abilities, Weirdness & Mutations

You are immune to sickness and miasma.
Your stone body is resilient. (AC +4)
You are immune to poison.
You resist negative energy. (rN+)
You are resistant to electric shocks. (rElec)
You are resistant to unholy torment.
You are immune to petrification.


   Skills:
 + Level 2.8 Fighting
 - Level 5.0 Ranged Weapons
 - Level 1.6 Armour
 - Level 1.5 Dodging
 - Level 1.0 Spellcasting
 - Level 2.6 Hexes


You had 5 spell levels left.
You knew the following spells:

 Your Spells              Type           Power      Damage    Failure   Level
a - Slow                  Hex            28%        N/A       21%         1

Your spell library contained the following spells:

 Spells                   Type           Power      Damage    Failure   Level
 Inner Flame              Hex/Fire       4%         N/A       71%         3
 Portal Projectile        Hex/Tloc       8%         N/A       71%         3
 Cause Fear               Hex            3%         N/A       90%         4

Inventory:

Hand Weapons
 Y - a +2 sling (weapon)
Armour
 c - a +0 cloak
 h - a +0 ring mail (worn)
 j - a +0 pair of gloves (worn)
Jewellery
 d - a +4 ring of protection (left hand)
Scrolls
 a - 2 scrolls of fog {unknown}
 b - a scroll of identify
 e - a scroll of blinking {unknown}
Potions
 g - a potion of curing {unknown}
 k - a potion of invisibility {unknown}

Dungeon Overview and Level Annotations

Branches:
Dungeon (3/15)

Altars:

Shops:
D:3 [


Message History

The gnoll barely misses you. The gnoll misses you.
The gnoll completely misses you.
You shoot a sling bullet. The sling bullet hits the gnoll!
The gnoll is heavily wounded.
The gnoll closely misses you. The gnoll barely misses you.
The gnoll hits you from afar with a +0 spear.
The gnoll misses you. The gnoll hits you but does no damage.
You shoot a sling bullet.
The sling bullet closely misses the gnoll.
The gnoll hits you with a +0 flail. The gnoll hits you but does no damage.
The gnoll hits you from afar with a +0 halberd!
You shoot a sling bullet. The sling bullet hits the gnoll.
The gnoll is severely wounded.
The gnoll closely misses you. The gnoll misses you.
The gnoll hits you from afar with a +0 halberd.
You shoot a sling bullet.
The sling bullet barely misses the gnoll.
The gnoll hits you with a +0 flail.
The gnoll hits you from afar with a +0 spear.
The gnoll closely misses you.
You shoot a sling bullet.
The sling bullet completely misses the gnoll.
The gnoll hits you with a +0 flail.
The gnoll hits you but does no damage. x2
The gnoll hits you from afar with a +0 halberd.
The gnoll hits you but does no damage. The gnoll closely misses you.
You shoot a sling bullet.
The sling bullet barely misses the gnoll.
The gnoll barely misses you. The gnoll completely misses you.
The gnoll closely misses you.
You shoot a sling bullet. The sling bullet hits the gnoll.
You kill the gnoll!
The gnoll hits you but does no damage. The gnoll closely misses you.
You shoot a sling bullet. The sling bullet hits the gnoll.
The gnoll is heavily wounded.
The gnoll hits you from afar with a +0 spear.
The gnoll barely misses you.
You shoot a sling bullet. The sling bullet hits the gnoll.
The gnoll is severely wounded.
The gnoll hits you from afar with a +0 spear.
You die...

######### #.......##
#++####..# ##.# ##### ##
7 7 ##.####.........#.
}..}7.#...............#.
..$).g'@................
.....g')................
}..}7.#.......##........
7.. 7.#.......# ........
... . #.......# ........
##''####.......# ........
...............# ........
...........##..........##
...........# ....########


You could see 2 gnolls.

Vanquished Creatures
  2 iguanas (D:3)
  An orc wizard (D:3)
  A gnoll (D:3)
  5 adders
  A dart slug (D:2)
  A worm (D:2)
  7 orcs (D:3)
  7 ball pythons
  6 bats
  4 endoplasms
  2 giant cockroaches
  5 hobgoblins
  4 jackals (D:2)
  4 kobolds
  6 quokkas
  A frilled lizard (D:1)
  6 goblins
  4 rats
67 creatures vanquished.

Notes
Turn   | Place    | Note
-------+----------+-------------------------------------------
     0 | D:1      | qw the Gargoyle Hexslinger began the quest for the Orb.
     0 | D:1      | Reached XP level 1. HP: 12/12 MP: 2/2
     0 | D:1      | 0 ||| qw: Version: 0.3-a-52-g30416fa
     0 | D:1      | 0 ||| qw: Game counter: 6738
     0 | D:1      | 0 ||| qw: Melee chars always use a shield: true
     0 | D:1      | 0 ||| qw: God list: Okawaru
     0 | D:1      | 0 ||| qw: Allow faded altars: false
     0 | D:1      | 0 ||| qw: Do Orc after clearing Dungeon:15 true
     0 | D:1      | 0 ||| qw: Do second Lair branch before Depths: true
     0 | D:1      | 0 ||| qw: Lair rune preference: random
     0 | D:1      | 0 ||| qw: Goals: Normal
     0 | D:1      | 0 ||| PLANNING D:1-11
   128 | D:1      | Reached XP level 2. HP: 16/16 MP: 3/3
   208 | D:1      | Reached skill level 3 in Ranged Weapons
   401 | D:1      | 401 ||| DROPPING amulet of magic regeneration.
   402 | D:1      | 402 ||| UPGRADING to +4 ring of protection.
   403 | D:1      | 403 ||| READING scroll labelled OMOYQI IZOOP.
   404 | D:1      | 404 ||| READING scroll labelled KASTAO HASHRI.
   405 | D:1      | 405 ||| READING scroll labelled ZOLOZERGHOJ.
   406 | D:1      | 406 ||| READING scroll labelled FATWOPA FEZYL.
   407 | D:1      | 407 ||| DROPPING scroll of poison.
   439 | D:2      | Found a faded altar of an unknown god.
   467 | D:2      | Reached XP level 3. HP: 21/21 MP: 4/4
   640 | D:2      | Reached XP level 4. HP: 26/26 MP: 5/5
   944 | D:2      | Reached skill level 4 in Ranged Weapons
  1287 | D:2      | 1287 ||| UPGRADING to +0 ring mail.
  1297 | D:2      | 1297 ||| DROPPING +0 robe.
  1298 | D:2      | 1298 ||| UPGRADING to +0 pair of gloves.
  1303 | D:2      | 1303 ||| READING scroll labelled DEITAM VUOZAU.
  1304 | D:2      | 1304 ||| READING scroll labelled FIYREX IDIRIRU.
  1405 | D:2      | 1405 ||| DRINKING 2 glowing emerald potions.
  1415 | D:2      | 1415 ||| DRINKING 3 golden potions.
  1442 | D:2      | 1442 ||| READING 2 scrolls of identify.
  1442 | D:2      | 1442 ||| IDENTIFYING fuming green potion
  1443 | D:2      | 1443 ||| DROPPING potion of brilliance.
  1444 | D:2      | 1444 ||| DROPPING potion of ambrosia.
  1445 | D:2      | 1445 ||| DROPPING 2 potions of lignification.
  1458 | D:3      | Found Cureirch's Antique Armour Boutique.
  1495 | D:3      | Reached skill level 1 in Armour
  1495 | D:3      | Reached XP level 5. HP: 9/30 MP: 6/6
  1831 | D:3      | Reached skill level 5 in Ranged Weapons
  2190 | D:3      | HP: 7/31 [gnoll/+0 flail (1)]
  2193 | D:3      | HP: 2/32 [gnoll/+0 spear (3)]
  2194 | D:3      | Slain by a gnoll

Levels and vault maps discovered:
D:1:      giann_wishing_wells, layout_rooms
D:2:      layout_basic, basic_ecumenical_altar
D:3:      layout_basic, serial_shops, shop, serial_bayou_pond_c,
          minmay_misc_feat_diagonals, minivault_27, kennysheep_generic_room_5

Skill      XL: |  1  2  3  4  5 |
---------------+----------------+-----
Ranged Weapons | 3 4 5 |  5.0
Fighting       | 2 |  2.8
Armour         | 1 |  1.6
Dodging        | |  1.5
Spellcasting   | |  1.0
Hexes          | |  2.6

Action                     |  1- 3 |  4- 6 || total
---------------------------+-------+-------++-------
   Fire: Sling             |    90 |   169 ||   259
    Use: Scroll            |     4 |     3 ||     7
         Potion            |       |     2 ||     2
 Armour: Robe              |    17 |     3 ||    20
         Ring mail         |       |    77 ||    77
  Dodge: Dodged            |    26 |    68 ||    94

Table legend:
 A = Non-vault XP
 B = Vault XP
 C = Vault XP percentage of total XP
 D = Non-vault monster count
 E = Vault monster count
 F = Vault count percentage of total count
                 A         B        C        D         E       F
            +---------+---------+-------+---------+---------+-------
      Total |     306 |       2 |   0.6 |      66 |       1 |   1.5
            +---------+---------+-------+---------+---------+-------
        D:1 |      28 |       0 |   0.0 |      17 |       0 |   0.0
        D:2 |      97 |       0 |   0.0 |      27 |       0 |   0.0
        D:3 |     181 |       2 |   1.1 |      22 |       1 |   4.3
            +---------+---------+-------+---------+---------+-------
